 Dungeon Crawl Stone Soup version 0.31.0-1-g2c135a008e (webtiles) character file.

Game seed: 10464155468412381931

6164 qw the Skirmisher (level 11, -1/81 HPs)
             Began as a Djinni Hunter on Jan 24, 2024.
             Slain by a fire dragon (3 damage)
             ... on level 8 of the Dungeon.
             The game lasted 00:00:37 (6974 turns).

qw the Skirmisher (Djinni Hunter)                   Turns: 6974, Time: 00:00:37

Health: -1/81      AC:  9    Str: 13    XL:     11   Next: 13%
Gold:   398        EV: 18    Int: 11    God:
                   SH:  0    Dex: 27

rFire   + + +        g - +0 arbalest
rCold   x . .        (shield currently unavailable)
rNeg    . . .        m - +0 ring mail "Rivad" {Will+ Str+3 Slay+3}
rPois   inf          (no helmet)
rElec   .            d - scarf {repulsion}
rCorr   .            (no gloves)
SInv    .            (boots unavailable)
Will    ++...        (no amulet)
Stlth   ++           f - +6 ring of dexterity
HPRegen 0.33/turn    b - +4 ring of protection
MPRegen 0.00/turn

%: repel missiles, clarity, infuse magic (-2 HP)
@: about to teleport, flying
A: sickness immunity, fire resistance 3, cold vulnerability 1, float, innate
caster, HP casting, extra vitality 1, clarity, sense surroundings 1, MP-powered
wands
a: no special abilities


You were on level 8 of the Dungeon.
You visited 2 branches of the dungeon, and saw 9 of its levels.

You collected 398 gold pieces.


Innate Abilities, Weirdness & Mutations

You are immune to sickness and miasma.
You are immune to poison.
Your flesh is almost immune to the effects of heat. (rF+++)
You are vulnerable to cold. (rC-)
You float through the air rather than walking.
You learn spells naturally, not from books.
Your magical power is your life essence.
You have superior vitality. (+4 MHP)
You possess an exceptional clarity of mind.
You passively map a small area around you.
You expend health (3 HP) to strengthen your wands.


   Skills:
 - Level 8.0 Fighting
 + Level 10.2 Ranged Weapons
 - Level 2.1 Armour
 - Level 9.1 Dodging
 - Level 0.7 Stealth


You knew the following spells:

 Your Spells              Type           Power      Damage    Failure   Level
a - Magic Dart            Conj           0%         1d3       58%         1
b - Static Discharge      Conj/Air       0%         3-3/arc   75%         2
c - Searing Ray           Conj           0%         2d4       75%         2
d - Dispel Undead         Necr           0%         3d6       100%        4
e - Arcjolt               Conj/Air       0%         1d10      100%        5
Your spell library was empty.

Inventory:

Hand Weapons
 g - a +0 arbalest (weapon)
Armour
 d - a scarf of repulsion (worn)
 m - the +0 ring mail "Rivad" (worn) {Will+ Str+3 Slay+3}
   (You found it on level 5 of the Dungeon)

   Str+3:     It affects your strength (+3).
   Slay+3:    It affects your accuracy & damage with ranged weapons and melee
   (+3).
   Will+:     It increases your willpower.
 n - a +0 cloak
Jewellery
 b - a +4 ring of protection (right hand)
 f - a +6 ring of dexterity (left hand)
 k - the amulet "Xose" {Reflect Harm rC+ rN+ SH+5}
   (You found it on level 2 of the Dungeon)

   [amulet of reflection]

   Reflect:   It reflects blocked missile attacks.
   rC+:       It protects you from cold.
   rN+:       It protects you from negative energy.
   SH+5:      It affects your SH (+5).
   Harm:      It increases damage dealt and taken.
Wands
 o - a wand of roots (11)
Scrolls
 h - a scroll of teleportation
 j - a scroll of enchant armour
 p - a scroll of identify
Potions
 a - a potion of enlightenment {unknown}
 c - a potion of degeneration {unknown}
 e - 2 potions of curing
 i - a potion of brilliance {unknown}
 l - 2 potions of might

Dungeon Overview and Level Annotations

Branches:
Dungeon (8/15)             Temple (1/1) D:5
   Lair: D:8-11

Altars:
Cheibriados
Dithmenos
Elyvilon
Fedhas
Gozag
Hepliaklqana
Makhleb
Nemelex Xobeh
Qazlal
Trog
Uskayaw
Wu Jian
Xom
Yredelemnul
Zin
The Shining One

Shops:
D:5 (

Annotations:
D:3 1 runed translucent door, Crazy Yiuf


Message History

The fire dragon tramples you but does no damage.
You shoot a bolt.
The bolt hits the fire dragon but does no damage.
The fire dragon is lightly wounded.
The fire dragon barely misses you. The fire dragon closely misses you.
The fire dragon tramples you but does no damage.
The fire dragon breathes flames at you. The blast of flame hits you!
You resist.
You hear a croak.
You hear a shout!
You shoot a bolt.
The bolt hits the fire dragon but does no damage.
The fire dragon is lightly wounded.
You hear an angry hiss.
The sky beast flickers out of sight!
Deactivating autopickup; reactivate with Ctrl-A.
The fire dragon closely misses you. The fire dragon claws you.
The fire dragon misses you.
You shoot a bolt. The bolt hits the fire dragon.
The fire dragon is lightly wounded.
You hear a bellow!
The fire dragon bites you. The fire dragon claws you.
The fire dragon tramples you.
You hold your ground!
The fire dragon barely misses you. x2; The fire dragon completely misses you.
A sky beast appears from thin air!
Reactivating autopickup.
6973 ||| READING 2 scrolls of teleportation.
As you read the scroll of teleportation, it crumbles to dust.
You feel strangely unstable.
An orc warrior comes into view. It is wielding a +0 glaive.
The fire dragon breathes flames at you. The blast of flame hits you.
You resist.
You hear a bellow!
Enter note:
Enter note: You shoot a bolt.
The bolt hits the fire dragon!
The fire dragon is moderately wounded.
The fire dragon misses you.
The fire dragon claws you but does no damage.
The fire dragon tramples you.
You die...

############.. *
, ** ** * #.. , *
*, ,* ##. , *
#7... #7,*,7# ,*
# .7.7 #. .# *
#### #7...
#.777.# ,.... , *
*....,*..7..*
*###.
##7'7##7.7.7# ,
#. 7#..<..#.@#.!#
* * 7'..8..'.#D#
,~, *
..#..>..#..#Y.#,,
* ##7'7##7.7.7# ,
77.77 ..7.. * , *
#7.7.7#.777.# * ,
#)777)#. .#** * *
#7)7.7#7, 7# , ,
77.77 *


You could see a fire dragon (catching breath) and a sky beast.

Vanquished Creatures
  A deep elf pyromancer (D:8)
  An unseen horror (D:8)
  A slime creature (D:8)
  Sigmund (D:2)
  A shadow (D:7)
  4 wyverns
  6 steam dragons (D:8)
  3 water moccasins
  3 sky beasts
  2 orc warriors
  A black bear (D:6)
  3 ice beasts
  3 ogres
  2 phantoms
  2 centaurs
  6 kobold brigands
  4 bullfrogs
  2 scorpions
  3 wights (D:7)
  A gnoll sergeant (D:5)
  5 howler monkeys
  3 jellies (D:6)
  An orc priest (D:6)
  2 hounds
  A sleepcap (D:4)
  Jessica (D:3)
  Terence (D:3)
  An iguana (D:6)
  Natasha (twice) (D:4)
  5 orc wizards
  9 gnolls
  8 adders
  2 white imps
  A dart slug (D:1)
  A ribbon worm (D:2)
  22 orcs
  9 ball pythons
  2 bats
  4 endoplasms
  3 giant cockroaches
  11 goblins
  4 hobgoblins
  6 jackals
  2 quokkas
  2 frilled lizards (D:1)
  20 kobolds
  9 rats
187 creatures vanquished.

Notes
Turn   | Place    | Note
-------+----------+-------------------------------------------
     0 | D:1      | qw the Djinni Hunter began the quest for the Orb.
     0 | D:1      | Reached XP level 1. HP: 18/18 MP: 0/0
     0 | D:1      | 0 ||| qw: Version: 0.3-a-136-gdd3b4e8
     0 | D:1      | 0 ||| qw: Game counter: 1449
     0 | D:1      | 0 ||| qw: Melee chars always use a shield: true
     0 | D:1      | 0 ||| qw: God list: Okawaru
     0 | D:1      | 0 ||| qw: Allow faded altars: false
     0 | D:1      | 0 ||| qw: Do Orc after clearing Dungeon:15 true
     0 | D:1      | 0 ||| qw: Do second Lair branch before Depths: true
     0 | D:1      | 0 ||| qw: Lair rune preference: random
     0 | D:1      | 0 ||| qw: Goals: Normal
     0 | D:1      | 0 ||| PLANNING D:1-11
    52 | D:1      | Reached XP level 2. HP: 23/23 MP: 0/0
   202 | D:1      | 202 ||| DROPPING scroll of butterflies.
   206 | D:1      | Reached XP level 3. HP: 28/28 MP: 0/0
   206 | D:1      | Learned a level 1 spell: Magic Dart
   234 | D:1      | Reached skill level 4 in Ranged Weapons
   560 | D:2      | Identified the amulet "Xose" {Reflect Harm rC+ rN+ SH+5}
   668 | D:2      | Noticed Sigmund
   673 | D:2      | 673 ||| DRINKING fuming sapphire potion.
   676 | D:2      | Killed Sigmund
   677 | D:2      | Reached XP level 4. HP: 39/39 MP: 0/0
   677 | D:2      | Reached XP level 5. HP: 43/43 MP: 0/0
   677 | D:2      | Learned a level 2 spell: Static Discharge
   677 | D:2      | Reached XP level 6. HP: 49/49 MP: 0/0
   959 | D:2      | Found a faded altar of an unknown god.
   962 | D:2      | 962 ||| UPGRADING to scarf of repulsion.
   967 | D:2      | 967 ||| UPGRADING to +0 ring mail.
   977 | D:2      | 977 ||| DROPPING +0 leather armour.
   978 | D:2      | 978 ||| UPGRADING to +6 ring of dexterity.
   979 | D:2      | 979 ||| READING scroll labelled VUTEKU LUKLICA.
   980 | D:2      | 980 ||| READING 5 scrolls labelled KUSASA SUFEOM.
   980 | D:2      | 980 ||| IDENTIFYING brown potion
   981 | D:2      | 981 ||| READING 4 scrolls of identify.
   981 | D:2      | 981 ||| IDENTIFYING bubbling red potion
   982 | D:2      | 982 ||| READING 3 scrolls of identify.
   982 | D:2      | 982 ||| IDENTIFYING scroll labelled SERIXU LISHRAE
   983 | D:2      | 983 ||| DROPPING potion of ambrosia.
  1351 | D:3      | Noticed Terence
  1361 | D:3      | Killed Terence
  1362 | D:3      | Reached skill level 1 in Armour
  1572 | D:3      | Noticed Jessica
  1576 | D:3      | Killed Jessica
  1671 | D:3      | Reached skill level 3 in Dodging
  1861 | D:3      | Found a runed translucent door.
  1862 | D:3      | Noticed Crazy Yiuf
  2053 | D:3      | 2053 ||| UPGRADING to +4 ring of protection.
  2383 | D:4      | Found a basalt altar of Yredelemnul.
  2516 | D:4      | Noticed Natasha
  2516 | D:4      | Noticed an ogre
  2517 | D:4      | 2517 ||| ZAPPING wand of flame (37) at 6,1 (ogre; floor).
  2518 | D:4      | 2518 ||| ZAPPING wand of flame (36) at 5,0 (ogre; floor).
  2519 | D:4      | 2519 ||| ZAPPING wand of flame (35) at 4,0 (ogre; floor).
  2520 | D:4      | 2520 ||| ZAPPING wand of flame (34) at 3,0 (ogre; floor).
  2520 | D:4      | Killed an ogre
  2521 | D:4      | Reached XP level 7. HP: 54/54 MP: 0/0
  2521 | D:4      | Learned a level 2 spell: Searing Ray
  2531 | D:4      | Killed Natasha
  2593 | D:4      | 2593 ||| READING 2 scrolls of identify.
  2593 | D:4      | 2593 ||| IDENTIFYING scroll labelled LIMYENAEROC
  2599 | D:4      | Reached skill level 5 in Ranged Weapons
  2721 | D:4      | Noticed Natasha
  2726 | D:4      | Killed Natasha
  2902 | D:4      | 2902 ||| READING scroll of identify.
  2902 | D:4      | 2902 ||| IDENTIFYING murky red potion
  2903 | D:4      | 2903 ||| DRINKING potion of mutation.
  2903 | D:4      | Gained mutation: You expend health (3 HP) to strengthen
                  | your wands. [potion of mutation]
  2903 | D:4      | Gained mutation: Your flesh is almost immune to the effects
                  | of heat. (rF+++) [potion of mutation]
  2903 | D:4      | Gained mutation: You possess an exceptional clarity of
                  | mind. [potion of mutation]
  2903 | D:4      | Gained mutation: You passively map a small area around you.
                  | [potion of mutation]
  2904 | D:4      | 2904 ||| READING 2 scrolls labelled MEAHOK NEYNI.
  2908 | D:4      | 2908 ||| DROPPING scroll of vulnerability.
  2933 | D:5      | Entered Level 5 of the Dungeon
  2974 | D:5      | Identified the +4 mace "Zabron" {flame, SInv}
  3164 | D:5      | Reached XP level 8. HP: 19/59 MP: 0/0
  3329 | D:5      | Identified the +0 ring mail "Rivad" {Will+ Str+3 Slay+3}
  3356 | D:5      | 3356 ||| RETREEEEATING.
  3367 | D:5      | HP: 11/59 [gnoll sergeant/+3 vampiric spear (6)]
  3368 | D:5      | 3368 ||| READING scroll of teleportation.
  3369 | D:5      | 3369 ||| DRINKING 2 potions of heal wounds.
  3503 | D:5      | HP: 8/59 [gnoll sergeant/+3 vampiric spear (9)]
  3504 | D:5      | 3504 ||| DRINKING potion of heal wounds.
  3511 | D:5      | Reached skill level 6 in Ranged Weapons
  3756 | D:5      | 3756 ||| UPGRADING to +0 ring mail "Rivad" {Will+ Str+3
                  | Slay+3}.
  3779 | D:5      | 3779 ||| DROPPING +0 ring mail.
  3980 | D:5      | Found Sygam's Antique Weapon Shoppe.
  3998 | D:5      | 3998 ||| READING scroll labelled NIAPTE MAYSIDU.
  4221 | D:5      | Found a staircase to the Ecumenical Temple.
  4222 | D:5      | 4222 ||| PLANNING TEMPLE
  4222 | D:5      | 4222 ||| READING scroll labelled CEILIE EXZU.
  4231 | Temple   | Entered the Ecumenical Temple
  4232 | Temple   | 4232 ||| PLANNING D:1-11
  4339 | D:6      | HP: 10/59 [orc warrior/+0 battleaxe (7)]
  4518 | D:6      | 4518 ||| SWAPPING to +0 arbalest.
  4519 | D:6      | 4519 ||| DROPPING +0 shortbow.
  4664 | D:6      | Reached skill level 7 in Ranged Weapons
  4681 | D:6      | Reached XP level 9. HP: 65/65 MP: 0/0
  4681 | D:6      | Learned a level 4 spell: Dispel Undead
  4887 | D:6      | Found a hazy altar of Hepliaklqana.
  5046 | D:6      | Found a blossoming altar of Fedhas.
  5084 | D:6      | Reached skill level 6 in Dodging
  5390 | D:6      | 5390 ||| DRINKING 3 lumpy emerald potions.
  5391 | D:6      | 5391 ||| DROPPING wand of flame (37).
  5470 | D:7      | Reached skill level 8 in Ranged Weapons
  5526 | D:7      | Reached skill level 6 in Fighting
  5581 | D:7      | 5581 ||| FLEEEEING.
  5582 | D:7      | 5582 ||| FLEEEEING.
  5583 | D:7      | 5583 ||| FLEEEEING.
  5584 | D:7      | 5584 ||| FLEEEEING.
  5585 | D:7      | 5585 ||| FLEEEEING.
  5586 | D:7      | 5586 ||| FLEEEEING.
  5587 | D:7      | 5587 ||| STAIRDANCE
  5609 | D:6      | 5609 ||| READING scroll labelled JABAPE NYPPI.
  5612 | D:7      | 5612 ||| STAIRDANCE
  5711 | D:7      | 5711 ||| STAIRDANCE
  5854 | D:7      | Reached XP level 10. HP: 72/72 MP: 0/0
  6042 | D:7      | Reached skill level 9 in Ranged Weapons
  6150 | D:8      | 6150 ||| STAIRDANCE
  6179 | D:8      | 6179 ||| STAIRDANCE
  6187 | D:8      | 6187 ||| STAIRDANCE
  6224 | D:8      | Found a stormy altar of Qazlal.
  6390 | D:8      | Noticed a deep elf pyromancer
  6397 | D:8      | Killed a deep elf pyromancer
  6430 | D:8      | 6430 ||| FLEEEEING.
  6431 | D:8      | 6431 ||| FLEEEEING.
  6449 | D:8      | 6449 ||| FLEEEEING.
  6450 | D:8      | 6450 ||| FLEEEEING.
  6451 | D:8      | 6451 ||| FLEEEEING.
  6459 | D:8      | 6459 ||| FLEEEEING.
  6535 | D:8      | Reached skill level 10 in Ranged Weapons
  6597 | D:8      | Reached XP level 11. HP: 64/81 MP: 0/0
  6597 | D:8      | Learned a level 5 spell: Arcjolt
  6603 | D:8      | 6603 ||| FLEEEEING.
  6604 | D:8      | 6604 ||| FLEEEEING.
  6605 | D:8      | 6605 ||| FLEEEEING.
  6606 | D:8      | 6606 ||| FLEEEEING.
  6611 | D:8      | 6611 ||| FLEEEEING.
  6612 | D:8      | 6612 ||| FLEEEEING.
  6619 | D:8      | 6619 ||| FLEEEEING.
  6621 | D:8      | 6621 ||| FLEEEEING.
  6622 | D:8      | 6622 ||| FLEEEEING.
  6785 | D:8      | Reached skill level 9 in Dodging
  6813 | D:8      | 6813 ||| Stepping randomly (disturbance).
  6814 | D:8      | 6814 ||| Stepping randomly (disturbance).
  6815 | D:8      | 6815 ||| Stepping randomly (disturbance).
  6822 | D:8      | 6822 ||| FLEEEEING.
  6964 | D:8      | Noticed a fire dragon
  6972 | D:8      | HP: 17/81 [fire dragon (6)]
  6972 | D:8      | HP: 7/81 [fire dragon (5)]
  6973 | D:8      | 6973 ||| READING 2 scrolls of teleportation.
  6973 | D:8      | HP: 1/81 [fire dragon/blast of flame (6)]
  6974 | D:8      | Slain by a fire dragon

Levels and vault maps discovered:
D:1:      lemuel_arrival_funnel, layout_basic, due_unseen_surprise
D:2:      layout_rooms, serial_corexii_hall, chequers_hall_statues_wall_a,
          corexii_hall_statues_x, corexii_hall_statues_deadend,
          corexii_hall_statues_s, dilly_ecumenical_altar_fadedgnrine,
          guppyfry_early_lair_pool, uniq_sigmund
D:3:      layout_basic, uniq_jessica, uniq_terence, uniq_crazy_yiuf_cottage
D:4:      layout_loops_ring, overflow_temple_1_default, serial_bayou_lake_a,
          uniq_natasha
D:5:      layout_basic, temple_hall, serial_shops, shop, grunt_tough_drop
D:6:      layout_basic, fedhas_ov_isle_minmay, mainiacjoe_overflow_alcove_4
D:7:      layout_basic, kennysheep_generic_room_12
D:8:      nzn_winding_woodlands_stair_cross [nzn_winding_woodlands_5x15_crooked,
          nzn_winding_woodlands_center_garden, nzn_winding_woodlands_5x15_twine,
          nzn_winding_woodlands_hourglass,
          nzn_winding_woodlands_5x5_closed_star,
          nzn_winding_woodlands_5x15_jagged,
          nzn_winding_woodlands_center_pierced_h,
          nzn_winding_woodlands_5x15_cabin], layout_rooms,
          nicolae_qazlal_style_of_elements, feat_on_display
Temple:   minmay_freezing_vapour_temple

Skill      XL: |  1  2  3  4  5  6  7  8  9 10 11 |
---------------+----------------------------------+-----
Ranged Weapons | 4 5 7 8 10 | 10.2
Fighting       | 5 6 8 |  8.0
Armour         | 1 2 |  2.1
Dodging        | 3 4 5 7 8 9 |  9.1
Stealth        | |  0.7

Action                     |  1- 3 |  4- 6 |  7- 9 | 10-12 || total
---------------------------+-------+-------+-------+-------++-------
   Fire: Shortbow          |    86 |   105 |   154 |       ||   345
         Arbalest          |       |       |   124 |   146 ||   270
  Evoke: Wand              |       |     4 |       |       ||     4
    Use: Potion            |     1 |       |     4 |       ||     5
         Scroll            |       |     4 |     7 |     1 ||    12
 Armour: Leather armour    |    10 |     3 |       |       ||    13
         Ring mail         |       |    27 |   120 |   128 ||   275
         Skin              |       |       |     1 |       ||     1
  Dodge: Dodged            |     8 |    32 |   135 |   118 ||   293
         Repelled          |       |     2 |     1 |     1 ||     4

Table legend:
 A = Non-vault XP
 B = Vault XP
 C = Vault XP percentage of total XP
 D = Non-vault monster count
 E = Vault monster count
 F = Vault count percentage of total count
                 A         B        C        D         E       F
            +---------+---------+-------+---------+---------+-------
      Total |    4179 |    4628 |  52.5 |     148 |      39 |  20.9
            +---------+---------+-------+---------+---------+-------
        D:1 |      43 |       0 |   0.0 |      25 |       0 |   0.0
        D:2 |      27 |     226 |  89.3 |      16 |       1 |   5.9
        D:3 |      39 |      73 |  65.2 |      17 |       2 |  10.5
        D:4 |     353 |      35 |   9.0 |      13 |       1 |   7.1
        D:5 |     384 |     179 |  31.8 |      11 |       5 |  31.2
        D:6 |    1254 |       0 |   0.0 |      23 |       0 |   0.0
        D:7 |    1801 |       0 |   0.0 |      38 |       0 |   0.0
        D:8 |     278 |    4115 |  93.7 |       5 |      30 |  85.7
            +---------+---------+-------+---------+---------+-------
